 Dungeon Crawl Stone Soup version 0.19.4 (webtiles) character file.

2759 vatarom the Basher (level 9, -3/96 HPs)
             Began as an Ogre Hunter on Feb 3, 2017.
             Was a Priest of Okawaru.
             Slain by a sky beast (5 damage)
             ... on level 7 of the Dungeon.
             The game lasted 00:13:10 (7180 turns).

vatarom the Basher (Ogre Hunter)                    Turns: 7180, Time: 00:13:11

Health: -3/96      AC:  3    Str: 19    XL:     9   Next: 69%
Magic:  0/9        EV: 19    Int: 10    God:    Okawaru [***...]
Gold:   249        SH:  0    Dex: 13    Spells: 0 memorised, 8 levels left

rFire  + . .     SeeInvis .     m - +4 giant spiked club
rCold  x . .     Gourm    .     t - +0 robe {MR+}
rNeg   . . .     Faith    .     (shield currently unavailable)
rPois  .         Spirit   +     (helmet restricted)
rElec  .         Reflect  .     (no cloak)
rCorr  +         Harm     .     (gloves unavailable)
MR     +....                    (boots unavailable)
Stlth  +++.......               n - amulet of guardian spirit
                                o - ring of resist corrosion
                                c - ring of fire

@: heroism
A: unfitting armour, repulsion field 1, tough skin 1
a: Heroism, Renounce Religion


You were on level 7 of the Dungeon.
You worshipped Okawaru.
Okawaru was most pleased with you.
You were hungry.

You visited 2 branches of the dungeon, and saw 8 of its levels.

You collected 291 gold pieces.
You spent 42 gold pieces at shops.

Inventory:

Hand Weapons
 m - a +4 giant spiked club (weapon)
Missiles
 d - a throwing net (quivered)
 h - 5 large rocks
 q - 7 javelins of returning
 s - 5 tomahawks of returning
Armour
 t - a +0 robe of magic resistance (worn)
Jewellery
 c - a ring of fire (left hand)
 n - an amulet of guardian spirit (around neck)
 o - a ring of resist corrosion (right hand)
Wands
 b - a wand of disintegration (13/24)
 r - a wand of polymorph (10/24)
Scrolls
 a - 5 scrolls of remove curse
 g - a scroll of fog
 i - 2 scrolls of amnesia
 p - a scroll of enchant armour
Potions
 e - a potion of magic
Books
 l - a book of Minor Magic

   Spells                             Type                      Level
   a - Magic Dart                     Conjuration                  1
   b - Blink                          Translocation                2
   c - Call Imp                       Summoning                    2
   d - Repel Missiles                 Charms/Air                   2
   e - Slow                           Hexes                        2
   f - Conjure Flame                  Conjuration/Fire             3
   g - Mephitic Cloud                 Conjuration/Poison/Air       3
Comestibles
 f - a bread ration
 j - 2 slices of pizza
 k - 6 meat rations


   Skills:
 - Level 7.9(12.9) Fighting
 - Level 10.3(15.3) Maces & Flails
 * Level 4.7(9.7) Throwing
 + Level 7.6(12.6) Dodging
 - Level 0.6(5.6) Stealth


You had 8 spell levels left.
You didn't know any spells.

Dungeon Overview and Level Annotations

Branches:
Dungeon (7/15)             Temple (1/1) D:4

Altars:
Ashenzari
Cheibriados
Dithmenos
Gozag
Hepliaklqana
Kikubaaqudgha
Makhleb
Nemelex Xobeh
Okawaru
Qazlal
Ru
Sif Muna
Trog
Vehumet
Xom
Yredelemnul
Zin
The Shining One

Shops:
D:6 *


Innate Abilities, Weirdness & Mutations

You are too large for most types of armour.
You have tough skin. (AC +1)
You are surrounded by a mild repulsion field. (EV +2)


Message History

You gain the combat prowess of a mighty hero.
Something hits you.
* * * LOW HITPOINT WARNING * * *
Something shocks you.
* * * LOW HITPOINT WARNING * * *
You closely miss something.
A sky beast appears from thin air!
Reactivating autopickup.
The sky beast hits you.
* * * LOW HITPOINT WARNING * * *
The sky beast shocks you.
* * * LOW HITPOINT WARNING * * *
You closely miss the sky beast.
The sky beast is severely wounded.
The sky beast completely misses you.
You hit the sky beast but do no damage.
The sky beast is severely wounded.
The sky beast hits you.
* * * LOW HITPOINT WARNING * * *
The sky beast shocks you.
You die...

#######.####.............
#.# ##....(....... . #.#
###............ ..#
#.###..............
#..$###..................
#......≈##......(........
.....[.....(##..........
####.##.##((###.....##..
#. #.)Y@#.....#### ## #
#......##### #....###
#.##.## ...##..##
#.....##..# #...#...#.###
....####.....### .
##.##..<#


You could see a sky beast.

Vanquished Creatures
  Pikel (D:5)
  The ghost of Agrougrou the Shield-Bearer, a novice FoFi of Ashenzari (D:5)
  The ghost of Thrillho the Thaumaturge, a novice DECj of Vehumet (D:6)
  Duvessa (D:5)
  2 orc warriors (D:6)
  A black bear (D:7)
  3 ogres
  A centaur (D:7)
  Blork the orc (D:5)
  Dowan (D:5)
  A howler monkey (D:6)
  A crimson imp (D:5)
  A bullfrog zombie (D:6)
  2 hounds
  A jelly (D:6)
  3 bullfrog skeletons
  3 orc priests
  3 orc wizards
  A centaur skeleton (D:6)
  2 worker ants
  A hound zombie (D:5)
  A howler monkey zombie (D:6)
  A worker ant zombie (D:5)
  Robin (D:2)
  A howler monkey skeleton (D:5)
  6 adders
  2 shadow imps
  4 worms
  5 leopard geckos
  20 orcs
  7 bats
  8 giant cockroaches
  18 goblins
  11 hobgoblins
  7 jackals
  7 kobolds
  A quokka (D:3)
  7 frilled lizards
  A giant cockroach zombie (D:6)
  A jackal zombie (D:6)
  10 rats
151 creatures vanquished.

Vanquished Creatures (others)
  A slave (D:5)
  An orc wizard (D:6)
  An orc (D:5)
3 creatures vanquished.

Grand Total: 154 creatures vanquished

Notes
Turn   | Place    | Note
-------+----------+-------------------------------------------
     0 | D:1      | vatarom the Ogre Hunter began the quest for the Orb.
     0 | D:1      | Reached XP level 1. HP: 22/22 MP: 1/1
   149 | D:1      | Reached XP level 2. HP: 27/31 MP: 2/2
   402 | D:1      | Reached skill level 1 in Maces & Flails
   736 | D:2      | Noticed Robin
   739 | D:2      | Reached XP level 3. HP: 15/37 MP: 3/3
   757 | D:2      | Killed Robin
  1031 | D:2      | Reached skill level 2 in Maces & Flails
  1040 | D:2      | Found a faded altar of an unknown god.
  1193 | D:2      | Reached XP level 4. HP: 47/48 MP: 4/4
  1670 | D:2      | Found a burning altar of Makhleb.
  1686 | D:2      | Reached skill level 3 in Maces & Flails
  1982 | D:2      | Gained mutation: You are surrounded by a mild repulsion field. (EV +2) [potion of beneficial mutation]
  2099 | D:2      | Reached XP level 5. HP: 38/54 MP: 5/5
  2256 | D:3      | Found an opulent altar of Gozag.
  2615 | D:3      | Noticed an ogre
  2728 | D:3      | Found a deep blue altar of Sif Muna.
  2896 | D:3      | Killed an ogre
  2896 | D:3      | Reached skill level 4 in Maces & Flails
  2896 | D:3      | Reached XP level 6. HP: 21/63 MP: 6/6
  3395 | D:4      | Found a basalt altar of Yredelemnul.
  3461 | D:4      | Reached skill level 5 in Maces & Flails
  3884 | D:4      | Found a staircase to the Ecumenical Temple.
  3888 | Temple   | Entered the Ecumenical Temple
  3959 | Temple   | Became a worshipper of Warmaster Okawaru
  4743 | D:5      | Entered Level 5 of the Dungeon
  4747 | D:5      | Noticed Duvessa
  4747 | D:5      | Noticed Dowan
  4834 | D:5      | Reached XP level 7. HP: 69/71 MP: 7/7
  4893 | D:5      | Noticed Blork the orc
  4903 | D:5      | Killed Blork the orc
  4903 | D:5      | Reached skill level 5 in Fighting
  4980 | D:5      | Reached skill level 6 in Maces & Flails
  5157 | D:5      | Killed Duvessa
  5158 | D:5      | Killed Dowan
  5158 | D:5      | Reached skill level 5 in Dodging
  5285 | D:5      | Noticed Pikel
  5292 | D:5      | Killed Pikel
  5292 | D:5      | Reached * piety under Okawaru
  5292 | D:5      | Reached ** piety under Okawaru
  5292 | D:5      | Reached skill level 7 in Maces & Flails
  5292 | D:5      | Reached XP level 8. HP: 59/83 MP: 5/8
  5466 | D:5      | Noticed Agrougrou's ghost (novice FoFi)
  5473 | D:5      | Killed Agrougrou's ghost
  5473 | D:5      | Reached skill level 8 in Maces & Flails
  5521 | D:5      | Reached skill level 9 in Maces & Flails
  5521 | D:5      | Reached XP level 9. HP: 77/93 MP: 9/9
  5772 | D:5      | Reached *** piety under Okawaru
  5907 | D:6      | Noticed Thrillho's ghost (novice DECj)
  5916 | D:6      | Killed Thrillho's ghost
  6103 | D:6      | Found a radiant altar of Vehumet.
  6388 | D:6      | Found a snail-covered altar of Cheibriados.
  6582 | D:6      | Reached skill level 10 in Maces & Flails
  6592 | D:6      | Received a gift from Okawaru
  6845 | D:6      | Found Caihea Jukh's General Store.
  6848 | D:6      | Bought a scroll of teleportation for 42 gold pieces
  7117 | D:7      | HP: 1/96 [something (5)]
  7178 | D:7      | HP: 4/96 [sky beast (4)]
  7180 | D:7      | Slain by a sky beast

Skill      XL: |  1  2  3  4  5  6  7  8  9 |
---------------+----------------------------+-----
Fighting       | 3 4 6 7 |  7.9
Dodging        | 2 3 4 5 6 7 |  7.6
Maces & Flails | 1 2 3 4 5 7 9 10 | 10.3
Throwing       | |  4.7
Stealth        | |  0.6

Action                   |  1- 3 |  4- 6 |  7- 9 || total
-------------------------+-------+-------+-------++-------
Melee: Short sword       |    55 |       |       ||    55
       Mace              |    62 |   101 |       ||   163
       Giant club        |       |    46 |       ||    46
       Giant spiked club |       |    35 |   136 ||   171
Throw: Large rock        |       |     5 |       ||     5
       Throwing net      |       |       |     1 ||     1
Invok: Heroism           |       |       |     1 ||     1
  Use: Potion            |     3 |     6 |     1 ||    10
       Scroll            |     4 |     9 |     2 ||    15
 Stab: Sleeping          |       |     3 |       ||     3
  Eat: Chunk             |     1 |     3 |     2 ||     6
       Bread ration      |       |     1 |     1 ||     2
       Meat ration       |       |     1 |       ||     1
Armor: Robe              |    46 |    51 |    28 ||   125
Dodge: Dodged            |    79 |   130 |   162 ||   371
